 Dungeon Crawl Stone Soup version 0.28.0-45-g0d030f2227 (webtiles) character file.

Game seed: 14025415649787526108

81 CryoSword the Digger (level 4, -3/25 HPs)
             Began as a Gargoyle Earth Elementalist on Apr 16, 2022.
             Slain by a river rat (6 damage)
             ... on level 3 of the Dungeon.
             The game lasted 00:02:52 (2448 turns).

CryoSword the Digger (Gargoyle Earth Elementalist)  Turns: 2448, Time: 00:02:53

Health: -3/25      AC:  8    Str: 12    XL:     4   Next: 40%
Magic:  3/7        EV: 10    Int: 17    God:
Gold:   88         SH:  0    Dex: 10    Spells: 1/7 levels left

rFire   . . .      SeeInvis .   b - +0 whip
rCold   . . .      Faith    .   (no shield)
rNeg    + . .      Spirit   .   h - +0 ring mail
rPois   ∞          Reflect  .   (no helmet)
rElec   +          Harm     .   (no cloak)
rCorr   .          Rampage  .   (no gloves)
Will    .....                   (no boots)
Stlth   +.........              (no amulet)
HPRegen 0.08/turn               (no ring)
MPRegen 0.10/turn               (no ring)

@: very slightly contaminated
A: sickness immunity, AC +3, negative energy resistance 1, electricity
resistance, torment resistance 1, petrification resistance
a: no special abilities


You were on level 3 of the Dungeon.
You visited 1 branch of the dungeon, and saw 3 of its levels.

You collected 88 gold pieces.

Inventory:

Hand Weapons
 b - a +0 whip (weapon)
   (You found it on level 1 of the Dungeon)
Missiles
 c - 3 stones
 j - 8 poisoned darts
Armour
 h - a +0 ring mail (worn)
   (You found it on level 1 of the Dungeon)
 l - a +0 helmet
   (You found it on level 2 of the Dungeon)
Scrolls
 a - a scroll of torment {unknown}
 d - 2 scrolls of fear {unknown}
 e - a scroll of teleportation {unknown}
 f - a scroll of immolation {unknown}
 i - 2 scrolls of fog {unknown}
Potions
 g - a potion of magic {unknown}
 k - a potion of heal wounds {unknown}


   Skills:
 + Level 1.5 Fighting
 - Level 2.0 Dodging
 - Level 2.1 Stealth
 - Level 2.0 Spellcasting
 * Level 2.3 Conjurations
 - Level 0.7 Transmutations
 * Level 4.6 Earth Magic


You had one spell level left.
You knew the following spells:

 Your Spells              Type           Power      Damage    Failure   Level
a - Sandblast             Erth           34%        2d9       6%          1
b - Stone Arrow           Conj/Erth      26%        3d8       32%         3
P - Passwall              Tmut/Erth      8%         N/A       22%         2

Your spell library contained the following spells:

 Spells                   Type           Power      Damage    Failure   Level
 Petrify                  Tmut/Erth      10%        N/A       82%         4
 Malign Gateway           Summ/Tloc      0%         N/A       100%        7
 Summon Horrible Things   Summ           0%         N/A       100%        8


Dungeon Overview and Level Annotations

Branches:
Dungeon (3/15)

Altars:
Qazlal

Portals:
Sewer: D:3


Innate Abilities, Weirdness & Mutations

You are immune to sickness and miasma.
Your stone body is resilient. (AC +3)
You are immune to poison.
You resist negative energy. (rN+)
You are resistant to electric shocks. (rElec)
You are resistant to unholy torment.
You are immune to petrification.


Message History

A rat comes into view.
There is an open door here.
A rat is nearby!
A rat is nearby!
You hit the rat but do no damage. The rat closely misses you.
You hit the rat but do no damage. The rat barely misses you.
You hit the rat.
The rat bites you but does no damage. x2
You barely miss the rat. The rat bites you but does no damage.
You hit the rat.
You kill the rat!
No target in view!
No target in view!
No target in view!
No target in view!
No target in view!
You now have 88 gold pieces (gained 5).
A kobold comes into view. It is wielding a +0 short sword.
A kobold is nearby!
A kobold is nearby!
You hit the kobold but do no damage. The kobold hits you but does no damage.
You closely miss the kobold. The kobold hits you but does no damage.
You hit the kobold. The kobold hits you but does no damage.
You barely miss the kobold. The kobold barely misses you.
You closely miss the kobold. The kobold barely misses you.
You hit the kobold.
You kill the kobold!
No target in view!
No target in view!
No target in view!
No target in view!
Okay, then.
Things that are here:
a +0 short sword; a kobold corpse
Found a trident.
l - a +0 helmet A ball python comes into view.
A ball python is nearby!
A ball python is nearby!
A ball python is nearby!
The ball python hisses angrily.
You closely miss the ball python. The ball python barely misses you.
The ball python closely misses you.
You hit the ball python. The ball python barely misses you. x2
You hit the ball python.
You kill the ball python!
No target in view!
No target in view!
No target in view!
No target in view!
No target in view!
No target in view!
No target in view!
No target in view!
You see here a ball python corpse.
A kobold comes into view. It is wielding a +0 club.
A kobold is nearby!
A kobold is nearby!
A kobold is nearby!
The kobold barely misses you.
You hit the kobold.
You kill the kobold!
Things that are here:
a +0 club; a kobold corpse Could not explore, unopened door.
Could not explore, unopened door.
Could not explore, unopened door.
No target in view!
You open the door.
There is an open door here.
j - 8 poisoned darts (gained 2)
A ball python comes into view.
A sourceless malevolence fills the Dungeon...
You fall into a shaft and drop 1 floor!
The shaft crumbles and collapses.
You hear the sound of rushing water.
There is an entrance to a sewer on this level.
Hurry and find it before the portal rusts away!
A bat comes into view.
Found a stone staircase leading up.
Unknown command.
A bat is nearby!
A bat is nearby!
A bat is nearby!
The bat hits you but does no damage.
You miss the bat. The bat closely misses you.
The bat hits you but does no damage.
You hit the bat.
You kill the bat!
No target in view!
An adder comes into view.
An adder is nearby!
An adder is nearby!
The adder hisses angrily.
The adder bites you but does no damage. The adder bites you.
You hit the adder. The adder barely misses you.
You miss the adder. The adder bites you but does no damage.
The adder bites you.
Aim: an adder (lightly wounded, 66% to hit)
The blast of sand hits the adder!
You kill the adder!
Okay, then.
You hear the slow rusting of a very distant drain.
A rat comes into view.
Unknown command.
The rat closely misses you.
You hit the rat. The rat bites you but does no damage.
You hit the rat.
You kill the rat!
No target in view!
No target in view!
No target in view!
No target in view!
No target in view!
You see here a rat corpse.
Found a stormy altar of Qazlal.
A river rat comes into view.
A river rat is nearby!
Found a glowing drain.
The river rat misses you.
You barely miss the river rat. The river rat bites you.
You barely miss the river rat. The river rat completely misses you.
You closely miss the river rat. The river rat closely misses you.
Aim: a river rat (77% to hit)
The blast of sand hits the river rat!
The river rat bites you.
Aim: a river rat (severely wounded, 77% to hit)
The blast of sand misses the river rat.
The river rat bites you.
You barely miss the river rat. The river rat closely misses you.
The river rat bites you but does no damage.
You hit the river rat but do no damage. The river rat misses you.
You hit the river rat but do no damage. The river rat bites you.
* * * LOW HITPOINT WARNING * * *
You hit the river rat but do no damage.
The river rat bites you but does no damage.
You hit the river rat. The river rat bites you!
* * * LOW HITPOINT WARNING * * *
You closely miss the river rat.
You punch the river rat, but do no damage.
You hear the slow rusting of a drain.
The river rat closely misses you.
Aim: a river rat (almost dead, 77% to hit)
The blast of sand hits the river rat but does no damage.
The river rat misses you.
Aim: a river rat (almost dead, 77% to hit)
You miscast Sandblast.
You are very lightly contaminated with residual magic.
Nothing appears to happen.
The river rat bites you.
* * * LOW HITPOINT WARNING * * *
Aim: a river rat (almost dead, 77% to hit)
The blast of sand hits the river rat but does no damage.
The river rat bites you.
You die...

...........##.#
...####.##.##.#
#######.###...#
#.......#E#...#E#
####.####..###...###
#.....###...........#
#.....#........_......
#.......#..............
#......@...###...###....
.......r#..#E#...#E#.#..
≈≈≈≈≈##.######... ≈≈≈≈≈
#≈# ### .... ≈.# ... ≈.#
..∩ ... ≈≈..


You could see a river rat.

Vanquished Creatures
  2 adders
  3 dart slugs
  5 ball pythons (D:2)
  5 endoplasms
  4 giant cockroaches (D:1)
  3 goblins
  4 hobgoblins
  7 jackals (D:1)
  A quokka (D:1)
  6 bats
  2 frilled lizards (D:2)
  5 kobolds
  4 rats
51 creatures vanquished.

Notes
Turn   | Place    | Note
-------+----------+-------------------------------------------
     0 | D:1      | CryoSword the Gargoyle Earth Elementalist began the quest
                  | for the Orb.
     0 | D:1      | Reached XP level 1. HP: 10/10 MP: 3/3
   300 | D:1      | Reached XP level 2. HP: 16/16 MP: 3/5
   377 | D:1      | Reached skill level 1 in Conjurations
   401 | D:1      | Reached skill level 4 in Earth Magic
   852 | D:1      | Reached skill level 1 in Fighting
   852 | D:1      | Reached XP level 3. HP: 14/20 MP: 2/6
  1272 | D:2      | Found a faded altar of an unknown god.
  1330 | D:2      | Learned a level 2 spell: Passwall
  1334 | D:2      | Learned a level 3 spell: Stone Arrow
  1837 | D:2      | Reached XP level 4. HP: 25/25 MP: 7/7
  2347 | D:2      | You fall into a shaft and drop 1 floor!
  2415 | D:3      | Found a stormy altar of Qazlal.
  2417 | D:3      | Noticed an air elemental
  2418 | D:3      | Noticed a fire elemental
  2418 | D:3      | Noticed an earth elemental
  2418 | D:3      | Noticed a water elemental
  2433 | D:3      | Found a glowing drain.
  2448 | D:3      | Slain by a river rat

Illustrated notes

Levels and vault maps discovered:
D:1:      minmay_arrival_stone_box, layout_loops_ring, st_stairs_13,
          hangedman_glass_teeth, minmay_worlds_worst_comb
D:2:      layout_basic, ebering_ecumenical_altar_sacrificial,
          minmay_pentomino_q4
D:3:      layout_loops_cross, nicolae_qazlal_style_of_elements,
          cheibrodos_sewer_entry_sluice, uniq_sigmund, uniq_jessica

Skill      XL: |  1  2  3 |
---------------+----------+-----
Conjurations   | 1 2 |  2.3
Earth Magic    | 4 |  4.6
Fighting       | 1 |  1.5
Dodging        | 2 |  2.0
Stealth        | |  2.1
Spellcasting   | |  2.0
Transmutations | |  0.7

Action                   |  1- 3 |  4- 6 || total
-------------------------+-------+-------++-------
Melee: Unarmed           |    13 |       ||    13
       Whip              |    51 |    40 ||    91
       Club              |     8 |       ||     8
       Punch             |       |     1 ||     1
 Cast: Sandblast         |    39 |     8 ||    47
Armor: Robe              |     9 |       ||     9
       Ring mail         |    67 |    20 ||    87
Dodge: Dodged            |    76 |    26 ||   102
